| TOP OF THE 1ST |
|
New Orleans Brass batting - Pitching for Omaha Storm Chasers : RHP Mark Leiter
|
|
Pitching: RHP Mark Leiter
|
|
|
Batting: SHB Cecil Espy
|
0-0: Foul Ball, location: 2F 0-1: SINGLE (Line Drive, 6M, EV 94.4 MPH)
|
|
Batting: SHB Ruben Sierra
|
0-0: Called Strike 0-1: Ball 1-1: Foul Ball, location: 2F 1-2: Ball 2-2: Ball 3-2: Foul Ball, location: 2F 3-2: SINGLE (Groundball, 4, EV 96.3 MPH) (infield hit) Cecil Espy to second
|
|
Batting: RHB Eric Karros
|
0-0: Ball 1-0: SINGLE (Line Drive, 56D, EV 98.1 MPH) Cecil Espy to third Ruben Sierra to second
|
|
Batting: SHB Jose L Cruz
|
0-0: Fly out, F8 (Flyball, 8RXD, EV 103.8 MPH) Runner from 3rd tags up, SCORES, no throw by CF
|
|
Batting: SHB Jose Vidro
|
0-0: Foul Ball, location: 2F 0-1: Ball 1-1: Foul Ball, location: 2F 1-2: Ball 2-2: Strikes out looking
|
|
Batting: SHB Wilson Delgado
|
0-0: Ball 1-0: Ball 2-0: SINGLE (Groundball, 34D, EV 98.8 MPH) Ruben Sierra to third Eric Karros to second Runner from 3rd tries for Home, SAFE, throw by RF to home
|
|
Batting: LHB Greg Myers
|
0-0: Swinging Strike 0-1: Fly out, F4 (Popup, 34D, EV 53.8 MPH)
|
| Top of the 1st over - 2 runs, 4 hits, 0 errors, 2 left on base; New Orleans 2 - Omaha 0 |
| BOTTOM OF THE 1ST |
|
Omaha Storm Chasers batting - Pitching for New Orleans Brass : RHP LaTroy Hawkins
|
|
Pitching: RHP LaTroy Hawkins
|
|
|
Batting: RHB Roberto Mejia
|
0-0: Ball 1-0: Ball 2-0: Fly out, F9 (Flyball, 9S, EV 92.5 MPH)
|
|
Batting: SHB Kerwin Moore
|
0-0: Ball 1-0: Called Strike 1-1: Ball 2-1: Called Strike 2-2: Ball 3-2: Base on Balls
|
|
Batting: RHB Matt Mieske
|
0-0: Ball 1-0: Ball 2-0: Fly out, F6 (Line Drive, 6, EV 65.6 MPH)
|
|
Batting: RHB Eduardo Perez
|
0-0: Ball 1-0: Foul Ball, location: 2F 1-1: Ball 2-1: Foul Ball, location: 2F 2-2: Foul Ball, location: 2F 2-2: Foul Ball, location: 2F 2-2: Ground out 3-1 (Groundball, 3L, EV 102.5 MPH)
|
| Bottom of the 1st over - 0 runs, 0 hits, 0 errors, 1 left on base; New Orleans 2 - Omaha 0 |
| TOP OF THE 2ND |
|
New Orleans Brass batting - Pitching for Omaha Storm Chasers : RHP Mark Leiter
|
|
Batting: LHB Bill Selby
|
0-0: Ball 1-0: Ball 2-0: Ball 3-0: Called Strike 3-1: SINGLE (Groundball, 34S, EV 65.6 MPH) (infield hit)
|
|
Batting: RHB Luis Ordaz
|
0-0: Fly out, F9 (Flyball, 9S, EV 78.1 MPH)
|
|
Batting: SHB Cecil Espy
|
0-0: Ball 1-0: Called Strike 1-1: Ball 2-1: Foul Ball, location: 2F 2-2: Strikes out swinging
|
|
Batting: SHB Ruben Sierra
|
0-0: Ball 1-0: Ground out 4-3 (Groundball, 4, EV 106.3 MPH)
|
| Top of the 2nd over - 0 runs, 1 hit, 0 errors, 1 left on base; New Orleans 2 - Omaha 0 |
| BOTTOM OF THE 2ND |
|
Omaha Storm Chasers batting - Pitching for New Orleans Brass : RHP LaTroy Hawkins
|
|
Batting: SHB Javier Valentin
|
0-0: Ball 1-0: Called Strike 1-1: Ball 2-1: Ball 3-1: Fly out, F8 (Flyball, 78D, EV 88.1 MPH)
|
|
Batting: RHB Danny Clyburn
|
0-0: Called Strike 0-1: Foul Ball, location: 2F 0-2: Fly out, F8 (Line Drive, 8RM, EV 90.6 MPH)
|
|
Batting: RHB Henry Blanco
|
0-0: Ball 1-0: Called Strike 1-1: Foul Ball, location: 2F 1-2: Ball 2-2: Ball 3-2: Foul Ball, location: 2F 3-2: Strikes out looking
|
| Bottom of the 2nd over - 0 runs, 0 hits, 0 errors, 0 left on base; New Orleans 2 - Omaha 0 |
| TOP OF THE 3RD |
|
New Orleans Brass batting - Pitching for Omaha Storm Chasers : RHP Mark Leiter
|
|
Batting: RHB Eric Karros
|
0-0: Called Strike 0-1: Ball 1-1: Foul Ball, location: 2F 1-2: Strikes out swinging
|
|
Batting: SHB Jose L Cruz
|
0-0: Ball 1-0: Called Strike 1-1: TRIPLE (Line Drive, 8RXD, EV 106.9 MPH)
|
|
Batting: SHB Jose Vidro
|
0-0: SINGLE (Line Drive, 34D, EV 106.3 MPH) Jose L Cruz scores
|
|
Batting: SHB Wilson Delgado
|
0-0: Called Strike 0-1: Ball 1-1: Fly out, F9 (Flyball, 9, EV 86.3 MPH)
|
|
Batting: LHB Greg Myers
|
0-0: Fly out, F7 (Flyball, 78S, EV 81.3 MPH)
|
| Top of the 3rd over - 1 run, 2 hits, 0 errors, 1 left on base; New Orleans 3 - Omaha 0 |
| BOTTOM OF THE 3RD |
|
Omaha Storm Chasers batting - Pitching for New Orleans Brass : RHP LaTroy Hawkins
|
|
Batting: RHB Mike Figga
|
0-0: Ball 1-0: Foul Ball, location: 2F 1-1: Ball 2-1: Foul Ball, location: 2F 2-2: Strikes out swinging
|
|
Batting: SHB Pablo Martinez
|
0-0: Foul Ball, location: 2F 0-1: Ball 1-1: SINGLE (Line Drive, 9S, EV 102.5 MPH)
|
|
Batting: RHB Roberto Mejia
|
0-0: Called Strike 0-1: Called Strike 0-2: Strikes out swinging
|
|
Batting: SHB Kerwin Moore
|
0-0: Reached on error, E5 (Groundball, 56S, EV 88.8 MPH) Pablo Martinez to second
|
|
Batting: RHB Matt Mieske
|
0-0: Ball 1-0: Foul Ball, location: 2F 1-1: Foul Ball, location: 2F 1-2: Ball 2-2: SINGLE (Groundball, 3D, EV 96.3 MPH) Pablo Martinez to third Kerwin Moore to second Runner from 3rd tries for Home, throw by RF and OUT! 9-2
|
| Bottom of the 3rd over - 0 runs, 2 hits, 1 error, 2 left on base; New Orleans 3 - Omaha 0 |
| TOP OF THE 4TH |
|
New Orleans Brass batting - Pitching for Omaha Storm Chasers : RHP Mark Leiter
|
|
Batting: LHB Bill Selby
|
0-0: Called Strike 0-1: Swinging Strike 0-2: Foul Ball, location: 2F 0-2: Foul Ball, location: 2F 0-2: Ball 1-2: SINGLE (Line Drive, 7S, EV 105.0 MPH)
|
|
Batting: RHB Luis Ordaz
|
0-0: Foul Ball, location: 2F 0-1: Ball 1-1: Ball 2-1: SINGLE (Line Drive, 7S, EV 96.3 MPH) Bill Selby to second
|
|
Batting: SHB Cecil Espy
|
0-0: Swinging Strike 0-1: Grounds into double play, 4-6-3 (Groundball, 4, EV 98.8 MPH) Bill Selby to third
|
|
Batting: SHB Ruben Sierra
|
0-0: Ball 1-0: Ball 2-0: SINGLE (Groundball, 6D, EV 102.5 MPH) Bill Selby scores
|
|
Batting: RHB Eric Karros
|
0-0: Ball 1-0: Fly out, F7 (Flyball, 7LS, EV 88.8 MPH)
|
| Top of the 4th over - 1 run, 3 hits, 0 errors, 1 left on base; New Orleans 4 - Omaha 0 |
| BOTTOM OF THE 4TH |
|
Omaha Storm Chasers batting - Pitching for New Orleans Brass : RHP LaTroy Hawkins
|
|
Batting: RHB Eduardo Perez
|
0-0: Called Strike 0-1: Ground out 6-3 (Groundball, 6, EV 86.3 MPH)
|
|
Batting: SHB Javier Valentin
|
0-0: Called Strike 0-1: Ball 1-1: SINGLE (Flyball, 89M, EV 94.4 MPH) - OUT at second base trying to stretch hit.
|
|
Batting: RHB Danny Clyburn
|
0-0: Called Strike 0-1: Swinging Strike 0-2: Ground out 2-3 (Groundball, 2L, EV 74.4 MPH)
|
| Bottom of the 4th over - 0 runs, 1 hit, 0 errors, 0 left on base; New Orleans 4 - Omaha 0 |
| TOP OF THE 5TH |
|
New Orleans Brass batting - Pitching for Omaha Storm Chasers : RHP Mark Leiter
|
|
Batting: SHB Jose L Cruz
|
0-0: Swinging Strike 0-1: Ball 1-1: Foul Ball, location: 2F 1-2: Foul Ball, location: 2F 1-2: Foul Ball, location: 2F 1-2: Ground out 4-3 (Groundball, 34, EV 103.1 MPH)
|
|
Batting: SHB Jose Vidro
|
0-0: Ball 1-0: Ball 2-0: Ball 3-0: Called Strike 3-1: Foul Ball, location: 2F 3-2: Ground out 5-3 (Groundball, 56, EV 83.8 MPH)
|
|
Pitching: LHP Carlos Pulido
|
|
|
Batting: SHB Wilson Delgado
|
0-0: Ball 1-0: Called Strike 1-1: SINGLE (Flyball, 89S, EV 96.9 MPH) - OUT at second base trying to stretch hit.
|
| Top of the 5th over - 0 runs, 1 hit, 0 errors, 0 left on base; New Orleans 4 - Omaha 0 |
| BOTTOM OF THE 5TH |
|
Omaha Storm Chasers batting - Pitching for New Orleans Brass : RHP LaTroy Hawkins
|
|
Batting: RHB Henry Blanco
|
0-0: Called Strike 0-1: Ball 1-1: Ball 2-1: Ball 3-1: SINGLE (Groundball, 34D, EV 97.5 MPH)
|
|
Batting: RHB Mike Figga
|
0-0: Called Strike 0-1: Foul Ball, location: 2F 0-2: Foul Ball, location: 2F 0-2: SINGLE (Groundball, 56D, EV 108.8 MPH) Henry Blanco to second
|
|
Batting: SHB Pablo Martinez
|
0-0: Bunted foul 0-1: Sac Bunt to 23 - play at first, batter OUT! 3-4 Henry Blanco to third Mike Figga to second
|
|
Batting: RHB Roberto Mejia
|
0-0: Called Strike 0-1: Ball 1-1: Foul Ball, location: 2F 1-2: Strikes out looking
|
|
Batting: SHB Kerwin Moore
|
0-0: Foul Ball, location: 2F 0-1: Ball 1-1: SINGLE (Groundball, 56S, EV 73.1 MPH) (infield hit) Henry Blanco scores Mike Figga to third
|
|
Batting: RHB Matt Mieske
|
0-0: Ball 1-0: Foul Ball, location: 2F 1-1: Swinging Strike 1-2: Reached on error, E6 (Groundball, 56, EV 105.0 MPH) Mike Figga scores Kerwin Moore to second
|
|
Batting: RHB Eduardo Perez
|
0-0: Ball 1-0: Called Strike 1-1: Ball 2-1: Foul Ball, location: 2F 2-2: Ball 3-2: Foul Ball, location: 2F 3-2: Foul Ball, location: 2F 3-2: Foul Ball, location: 2F 3-2: Foul Ball, location: 2F 3-2: SINGLE (Line Drive, 4MD, EV 93.8 MPH) Kerwin Moore to third Matt Mieske to second Kerwin Moore scores Matt Mieske to third
|
|
Batting: SHB Javier Valentin
|
0-0: Foul Ball, location: 2F 0-1: Ground out 4-3 (Groundball, 4, EV 82.5 MPH)
|
| Bottom of the 5th over - 3 runs, 4 hits, 1 error, 2 left on base; New Orleans 4 - Omaha 3 |
| TOP OF THE 6TH |
|
New Orleans Brass batting - Pitching for Omaha Storm Chasers : LHP Carlos Pulido
|
|
Batting: LHB Greg Myers
|
0-0: Called Strike 0-1: Swinging Strike 0-2: Strikes out swinging
|
|
Batting: LHB Bill Selby
|
0-0: Ball 1-0: Ground out 5-3 (Groundball, 56, EV 106.3 MPH)
|
|
Batting: RHB Luis Ordaz
|
0-0: Called Strike 0-1: Foul Ball, location: 2F 0-2: Strikes out looking
|
| Top of the 6th over - 0 runs, 0 hits, 0 errors, 0 left on base; New Orleans 4 - Omaha 3 |
| BOTTOM OF THE 6TH |
|
Omaha Storm Chasers batting - Pitching for New Orleans Brass : RHP LaTroy Hawkins
|
|
Batting: RHB Danny Clyburn
|
0-0: Swinging Strike 0-1: Foul Ball, location: 2F 0-2: Ball 1-2: Foul Ball, location: 2F 1-2: Strikes out looking
|
|
Batting: RHB Henry Blanco
|
0-0: Ball 1-0: Called Strike 1-1: Foul Ball, location: 2F 1-2: Ball 2-2: Ball 3-2: SINGLE (Groundball, 5D, EV 107.5 MPH)
|
|
Batting: RHB Mike Figga
|
0-0: Ball 1-0: Foul Ball, location: 2F 1-1: Ball 2-1: Foul Ball, location: 2F 2-2: Foul Ball, location: 2F 2-2: Ball 3-2: Strikes out swinging
|
|
Pitching: RHP Cris Carpenter
|
|
|
Batting: SHB Pablo Martinez
|
0-0: Ball 1-0: Ball 2-0: Called Strike 2-1: Fly out, F2 (Popup, 5SF, EV 76.9 MPH)
|
| Bottom of the 6th over - 0 runs, 1 hit, 0 errors, 1 left on base; New Orleans 4 - Omaha 3 |
| TOP OF THE 7TH |
|
New Orleans Brass batting - Pitching for Omaha Storm Chasers : LHP Carlos Pulido
|
|
Batting: SHB Cecil Espy
|
0-0: Ball 1-0: Swinging Strike 1-1: Ball 2-1: Called Strike 2-2: Foul Ball, location: 2F 2-2: SINGLE (Groundball, 5D, EV 101.3 MPH)
|
|
Batting: SHB Ruben Sierra
|
0-0: Ball 1-0: Ball 2-0: Fielders Choice at 2nd, 3-6 (Groundball, 34, EV 105.0 MPH)
|
|
Pitching: RHP Mike Bovee
|
|
|
Batting: RHB Eric Karros
|
0-0: Called Strike 0-1: Ball 1-1: Ball 2-1: Called Strike 2-2: Strikes out looking
|
|
Batting: SHB Jose L Cruz
|
0-0: Called Strike 0-1: Ground out 3-1 (Groundball, 34S, EV 74.4 MPH)
|
| Top of the 7th over - 0 runs, 1 hit, 0 errors, 1 left on base; New Orleans 4 - Omaha 3 |
| BOTTOM OF THE 7TH |
|
Omaha Storm Chasers batting - Pitching for New Orleans Brass : RHP Cris Carpenter
|
|
Batting: RHB Roberto Mejia
|
0-0: Ball 1-0: Swinging Strike 1-1: Foul Ball, location: 2F 1-2: Ball 2-2: Foul Ball, location: 2F 2-2: Strikes out swinging
|
|
Batting: SHB Kerwin Moore
|
0-0: Foul Ball, location: 2F 0-1: Ball 1-1: Ball 2-1: SOLO HOME RUN (Flyball, 7LD, EV 101.3 MPH), Distance : 340 ft
|
|
Batting: RHB Matt Mieske
|
0-0: Ball 1-0: Ground out 1-3 (Groundball, 15S, EV 76.9 MPH)
|
|
Batting: RHB Eduardo Perez
|
0-0: Called Strike 0-1: Foul Ball, location: 2F 0-2: Foul Ball, location: 2F 0-2: Ball 1-2: Ball 2-2: Ball 3-2: SINGLE (Groundball, 56D, EV 102.5 MPH)
|
|
Batting: SHB Javier Valentin
|
0-0: Ball 1-0: Fielders Choice at 2nd, 6-4 (Groundball, 56, EV 89.4 MPH)
|
| Bottom of the 7th over - 1 run, 2 hits, 0 errors, 1 left on base; New Orleans 4 - Omaha 4 |
| TOP OF THE 8TH |
|
New Orleans Brass batting - Pitching for Omaha Storm Chasers : RHP Mike Bovee
|
|
Batting: SHB Jose Vidro
|
0-0: Foul Ball, location: 2F 0-1: SINGLE (Groundball, 4D, EV 100.0 MPH)
|
|
Batting: SHB Wilson Delgado
|
0-0: Bunted foul 0-1: Sac Bunt to 13S - play at second, runner OUT! 1-6
|
|
Batting: LHB Greg Myers
|
0-0: Ball 1-0: Called Strike 1-1: Fly out, F7 (Flyball, 7, EV 73.1 MPH)
|
|
Batting: LHB Bill Selby
|
0-0: Ball Wilson Delgado is caught stealing 2nd base 2-6
|
| Top of the 8th over - 0 runs, 1 hit, 0 errors, 0 left on base; New Orleans 4 - Omaha 4 |
| BOTTOM OF THE 8TH |
|
Omaha Storm Chasers batting - Pitching for New Orleans Brass : RHP Cris Carpenter
|
|
Batting: RHB Danny Clyburn
|
0-0: Ball 1-0: Swinging Strike 1-1: Fly out, F9 (Flyball, 9D, EV 91.9 MPH)
|
|
Batting: RHB Henry Blanco
|
0-0: Swinging Strike 0-1: Foul Ball, location: 2F 0-2: Ball 1-2: Ball 2-2: Strikes out swinging
|
|
Batting: RHB Mike Figga
|
0-0: Ground out 5-3 (Groundball, 56S, EV 73.1 MPH)
|
| Bottom of the 8th over - 0 runs, 0 hits, 0 errors, 0 left on base; New Orleans 4 - Omaha 4 |
| TOP OF THE 9TH |
|
New Orleans Brass batting - Pitching for Omaha Storm Chasers : RHP Mike Bovee
|
|
Pinch Hitting: LHB Kent Hrbek
|
0-0: Ball 1-0: Foul Ball, location: 2F 1-1: Foul Ball, location: 2F 1-2: Fly out, F2 (Popup, 25F, EV 77.5 MPH)
|
|
Batting: RHB Luis Ordaz
|
0-0: Swinging Strike 0-1: Ball 1-1: Ball 2-1: Fly out, F8 (Flyball, 8LD, EV 80.6 MPH)
|
|
Batting: SHB Cecil Espy
|
0-0: Called Strike 0-1: Called Strike 0-2: Foul Ball, location: 2F 0-2: Ball 1-2: Strikes out swinging
|
| Top of the 9th over - 0 runs, 0 hits, 0 errors, 0 left on base; New Orleans 4 - Omaha 4 |
| BOTTOM OF THE 9TH |
|
Omaha Storm Chasers batting - Pitching for New Orleans Brass : RHP Cris Carpenter
|
|
Now at 3B: Scott Brosius
|
|
|
Batting: SHB Pablo Martinez
|
0-0: Called Strike 0-1: Ground out 6-3 (Groundball, 56, EV 110.6 MPH)
|
|
Batting: RHB Roberto Mejia
|
0-0: Called Strike 0-1: Ball 1-1: Called Strike 1-2: Foul Ball, location: 2F 1-2: Strikes out swinging
|
|
Batting: SHB Kerwin Moore
|
0-0: Ball 1-0: Called Strike 1-1: Ground out 6-3 (Groundball, 56, EV 106.3 MPH)
|
| Bottom of the 9th over - 0 runs, 0 hits, 0 errors, 0 left on base; New Orleans 4 - Omaha 4 |
| TOP OF THE 10TH |
|
New Orleans Brass batting - Pitching for Omaha Storm Chasers : RHP Mike Bovee
|
|
Pitching: LHP Tony J. Castillo
|
|
|
Batting: SHB Ruben Sierra
|
0-0: Called Strike 0-1: Called Strike 0-2: Ball 1-2: Ball 2-2: Reached on error, E5 (Groundball, 5L, EV 83.1 MPH)
|
|
Batting: RHB Eric Karros
|
0-0: Intentional Walk
|
|
Batting: SHB Jose L Cruz
|
0-0: Ball 1-0: Called Strike 1-1: Fielders Choice at 2nd, 1-6 (Groundball, 13, EV 85.0 MPH) Ruben Sierra to third
|
|
Batting: SHB Jose Vidro
|
0-0: Called Strike 0-1: Ball 1-1: Foul Ball, location: 2F 1-2: Ball 2-2: SINGLE (Line Drive, 3D, EV 99.4 MPH) Ruben Sierra scores Jose L Cruz to second Runner from 2nd tries for 3rd, SAFE, throw by RF made to third
|
|
Pitching: RHP Matt Turner
|
|
|
Batting: SHB Wilson Delgado
|
0-0: Ball 1-0: Called Strike 1-1: Ball 2-1: Fielders Choice at 2nd, 4-6 (Groundball, 4, EV 109.4 MPH) Jose L Cruz scores
|
|
Batting: LHB Greg Myers
|
0-0: Ball 1-0: Called Strike 1-1: Foul Ball, location: 2F 1-2: Ball 2-2: Foul Ball, location: 2F 2-2: Strikes out swinging
|
| Top of the 10th over - 2 runs, 1 hit, 1 error, 1 left on base; New Orleans 6 - Omaha 4 |
| BOTTOM OF THE 10TH |
|
Omaha Storm Chasers batting - Pitching for New Orleans Brass : RHP Cris Carpenter
|
|
Pitching: RHP Luis Aquino
|
|
|
Batting: RHB Matt Mieske
|
0-0: SINGLE (Line Drive, 4D, EV 93.8 MPH)
|
|
Batting: RHB Eduardo Perez
|
0-0: Ball 1-0: Ball 2-0: Ball 3-0: Called Strike 3-1: Swinging Strike 3-2: Strikes out swinging
|
|
Batting: SHB Javier Valentin
|
0-0: Ball 1-0: Ball 2-0: Fly out, F7 (Line Drive, 7, EV 98.1 MPH)
|
|
Batting: RHB Danny Clyburn
|
0-0: Ball 1-0: SINGLE (Flyball, 78S, EV 85.0 MPH) Matt Mieske to second
|
|
Batting: RHB Henry Blanco
|
0-0: Swinging Strike 0-1: Ball 1-1: Swinging Strike 1-2: Strikes out swinging
|
| Bottom of the 10th over - 0 runs, 2 hits, 0 errors, 2 left on base; New Orleans 6 - Omaha 4 |
|